Map: Hard Lead LE

Players

SuperMutant

  • Race: Terran Terran
  • League: Diamond
  • Spawn Location: 11:00

Cyclonista - Winner!

  • Race: Terran Terran
  • League: Diamond
  • Spawn Location: 5:00

VOD

Have the link to the VOD?

Description

Time

  • Played on: Oct. 15, 2023, 4:56 p.m.
  • Length: 10:19
Show
View Real Time Build Order
Export as new Build Order

SuperMutant Terran 

Build Orders:  

Get SALT Encoding   

  12  0:00  SCV  
  13  0:12  SCV  
  14  0:18  Supply Depot  
  14  0:24  SCV  
  15  0:40  SCV  
  15  0:41  Barracks  
  16  0:46  Refinery  
  16  0:52  SCV  
  18  1:04  SCV  
  18  1:16  SCV  
  18  1:17  Refinery  
  19  1:28  SCV  
  19  1:29  Supply Depot  
  20  1:42  Orbital Command  
  20  1:46  Factory  
  20  2:06  Barracks Reactor  
  19  2:12  Supply Depot  
  19  2:16  SCV  
  20  2:28  SCV  
  21  2:32  Factory Tech Lab  
  21  2:33  Starport  
  21  2:40  SCV  
  21  2:44  Marine x2  
  22  2:51  Siege Tank  
  27  3:02  Marine  
  28  3:09  Command Center  
  28  3:14  SCV  
  29  3:23  Siege Tank  
  32  3:30  Supply Depot  
  33  3:40  Viking  
  34  3:46  Viking  
  36  3:50  SCV  
  37  4:00  Siege Tank  
  41  4:16  Viking  
  42  4:20  SCV  
  42  4:24  Viking  
  41  4:46  Viking  
  43  4:53  SCV  
  43  4:54  Orbital Command  
  42  5:19  Siege Tank  
  42  5:20  Viking  
  43  5:34  SCV  
  44  5:36  SCV  
  45  5:46  SCV  
  45  5:48  SCV  
  47  5:51  Viking, Siege Tank  
  52  5:58  SCV, Refinery  
  52  6:00  Refinery  
  52  6:02  SCV  
  54  6:08  Command Center  
  54  6:19  Viking  
  54  6:21  Viking  
  54  6:22  SCV  
  54  6:24  SCV  
  60  6:41  Supply Depot  
  60  6:44  Supply Depot  
  60  6:46  Supply Depot  
  60  6:49  Viking  
  62  7:01  Viking, Siege Tank, SCV x2  
  42  7:33  Siege Tank  
  45  7:45  SCV  
  45  7:46  Factory  
  45  7:47  Supply Depot  
  45  7:50  Armory, SCV  
  47  7:52  Armory  
  47  7:55  Supply Depot  
  47  7:57  SCV  
  47  7:58  Supply Depot  
  48  8:02  SCV  
  48  8:05  Viking x2, Factory  
  51  8:08  Siege Tank  
  51  8:09  SCV  
  57  8:14  SCV  
  57  8:18  Supply Depot  
  58  8:21  SCV  
  58  8:26  Orbital Command, SCV  
  60  8:33  SCV  
  61  8:35  Factory Tech Lab  
  61  8:38  SCV  
  62  8:43  Siege Tank  
  62  8:45  SCV  
  66  8:49  Factory Tech Lab  
  66  8:54  Siege Tank  
  69  8:56  Viking  
  69  9:01  SCV  
  69  9:02  SCV  
  73  9:13  SCV  
  73  9:14  Siege Tank  
  73  9:15  Engineering Bay  
  78  9:17  SCV  
  78  9:26  SCV  
  78  9:31  Siege Tank  
  76  9:32  Siege Tank  
  79  9:39  SCV  
  79  9:42  SCV  
  81  9:46  Command Center  
  81  9:51  SCV  
  85  9:55  SCV  
  85  9:59  Supply Depot  
Show
View Real Time Build Order
Export as new Build Order

Cyclonista Terran - Winner!

Build Orders: 2 Factory, Cyclone Opening 

Get SALT Encoding   

  12  0:03  SCV  
  13  0:15  SCV  
  13  0:17  Supply Depot  
  14  0:27  SCV  
  15  0:30  Refinery  
  15  0:41  Barracks  
  15  0:46  SCV  
  16  0:55  Refinery  
  16  0:58  SCV  
  17  1:10  Supply Depot, SCV  
  18  1:22  SCV  
  19  1:34  SCV  
  19  1:37  Factory  
  20  1:45  Marine  
  20  1:46  SCV  
  22  1:58  SCV  
  23  2:04  Factory  
  23  2:20  SCV  
  24  2:23  Cyclone  
  24  2:24  Barracks Reactor  
  26  2:33  Orbital Command  
  26  2:55  Factory Reactor  
  26  3:07  Cyclone x2  
  26  3:11  Supply Depot  
  30  3:14  Supply Depot  
  30  3:33  Cyclone x2  
  34  3:39  Cyclone  
  34  3:40  Cyclone  
  38  3:44  Supply Depot  
  38  4:05  Cyclone  
  38  4:06  Cyclone  
  42  4:11  Cyclone  
  42  4:12  Cyclone  
  46  4:37  Cyclone  
  46  4:42  Cyclone  
  46  4:44  Cyclone x2  
  50  5:10  Cyclone  
  48  5:14  Cyclone  
  48  5:16  Cyclone  
  48  5:20  Command Center  
  52  5:29  Cyclone  
  52  5:34  SCV  
  55  6:10  Command Center  
  55  6:23  Armory  
  55  6:31  Cyclone x2, SCV  
  60  6:33  Supply Depot  
  60  6:40  Supply Depot  
  60  6:43  SCV  
  61  6:53  Cyclone  
  63  7:04  Cyclone x2  
  50  7:17  Cyclone  
  50  7:21  SCV  
  54  7:23  Orbital Command  
  54  7:28  Terran Vehicle Weapons Level 1  
  53  7:41  Cyclone x2  
  57  7:47  Orbital Command  
  57  8:01  SCV  
  57  8:02  SCV  
  59  8:14  Armory  
  59  8:19  Refinery x2  
  59  8:32  Cyclone  
  59  8:33  Cyclone x2  
  65  8:34  SCV  
  65  8:35  SCV x2  
  68  8:41  Factory  
  68  8:45  Factory  
  68  8:58  Refinery  
  68  9:00  Cyclone, Refinery  
  70  9:06  Cyclone  
  72  9:12  Cyclone  
  74  9:35  Factory Tech Lab, Factory Reactor  
  74  9:36  Cyclone x2  
  78  9:54  SCV  
Tags
 
Add a new tag
Caveats
  • Supply blocks, unpowered buildings, or Contaminate may cause inaccurate times.
  • Supply counts are checked every 10 seconds.